 Dungeon Crawl Stone Soup version 0.31.0-32-g396128a36d (webtiles) character file.

Game seed: 8438591478340841659

212 Charlie33ad the Chopper (level 5, 0/46 (48) HPs)
             Began as a Minotaur Chaos Knight on Apr 9, 2024.
             Was a Plaything of Xom.
             Slain by an orc wizard
             ... wielding a +0 dagger
              (2 damage)
             ... on level 3 of the Dungeon.
             The game lasted 00:06:41 (2291 turns).

Charlie33ad the Chopper (Minotaur Chaos Knight)     Turns: 2291, Time: 00:06:41

HP:   0/46 (48)     AC:  6    Str: 18    XL:     5   Next: 58%
MP:   4/4           EV: 11    Int:  9    God:    Xom [.*....]
Gold: 119           SH:  0    Dex: 10    Spells: 4/4 levels left

rFire   + . .        a - +0 hand axe (chaos)
rCold   . . .        (no shield)
rNeg    . . .        b - +2 leather armour
rPois   .            (helmet restricted)
rElec   .            (no cloak)
rCorr   .            s - +0 pair of gloves
SInv    .            (no boots)
Will    .....        (no amulet)
Stlth   +            f - ring of protection from fire
HPRegen 0.27/turn    (no ring)
MPRegen 0.09/turn

%: no passive effects
@: lightly drained
A: horns 2, retaliatory headbutt
a: Renounce Religion


You were on level 3 of the Dungeon.
You worshipped Xom.
You were a plaything of Xom.
You visited 1 branch of the dungeon, and saw 4 of its levels.

You collected 119 gold pieces.

Inventory:

Hand Weapons
 a - a +0 hand axe of chaos (weapon)
 n - a +0 sling
Missiles
 j - 35 stones (quivered)
 m - 10 poisoned darts
Armour
 b - a +2 leather armour (worn)
 s - a +0 pair of gloves (worn)
Jewellery
 f - a ring of protection from fire (left hand)
Scrolls
 d - a scroll of immolation {unknown}
 h - 4 scrolls of teleportation {unknown}
 k - 2 scrolls of vulnerability {unknown}
 p - 5 scrolls of identify {unknown}
 r - 2 scrolls of fog {unknown}
 t - a scroll of acquirement {unknown}
Potions
 c - 2 potions of degeneration {unknown}
 e - a potion of attraction {unknown}
 g - 2 potions of brilliance {unknown}
 i - a potion of heal wounds {unknown}
 l - 2 potions of curing {unknown}
 o - a potion of resistance {unknown}
 q - 2 potions of enlightenment {unknown}
 u - a potion of berserk rage {unknown}


   Skills:
 + Level 5.3 Fighting
 * Level 6.6 Axes
 - Level 2.4 Armour
 - Level 1.1 Dodging


You had 4 spell levels left.
You didn't know any spells.
Your spell library contained the following spells:

 Spells                   Type           Power      Damage    Failure   Level
 Freeze                   Ice            0%         1d3       43%         1
 Shock                    Conj/Air       0%         1d3       43%         1
 Dazzling Flash           Conj/Hex       0%         N/A       82%         3
 Frozen Ramparts          Ice            0%         1d1       82%         3
 Hailstorm                Conj/Ice       0%         3d5       82%         3
 Mephitic Cloud           Conj/Alch/Air  0%         N/A       82%         3
 Swiftness                Air            0%         N/A       82%         3
 Volatile Blastmotes      Fire/Tloc      0%         2d10      82%         3
 Airstrike                Air            0%         2d(0-16)  99%         4
 Curse of Agony           Necr           0%         N/A       100%        5
 Silence                  Hex/Air        0%         N/A       100%        5
 Starburst                Conj/Fire      0%         6d3       100%        6
 Maxwell's Capacitive Co  Air            0%         ∞         100%        8


Dungeon Overview and Level Annotations

Branches:
Dungeon (4/15)
 Temple: D:4-7

Altars:
Elyvilon
Gozag

Annotations:
D:4 Robin


Innate Abilities, Weirdness & Mutations

You have a pair of horns on your head.
You reflexively headbutt those who attack you in melee.


Message History

You are confused.
You bump into the rock wall.
Something hits you but does no damage.
You miss something. Something hits you.
* * * LOW HITPOINT WARNING * * *
You hit something. Something hits you but does no damage.
You closely miss something.
You hear some strange, mumbled words.
You are more confused.
You bump into the rock wall.
Something hits you but does no damage.
You hit something but do no damage.
You hear some strange, mumbled words.
A magic dart appears from out of thin air!
The magic dart hits you.
* * * LOW HITPOINT WARNING * * *
You bump into the rock wall.
Something hits you.
* * * LOW HITPOINT WARNING * * *
You miss something. Your headbutt misses something.
Something hits you but does no damage.
You bump into the rock wall.
Something hits you but does no damage.
You hit something.
Xom thinks this is hilarious!
Nothing appears to happen.
Your headbutt misses something. Something hits you but does no damage.
You hear some strange, mumbled words.
Something tries to affect you, but you resist.
You bump into the rock wall.
Something hits you.
* * * LOW HITPOINT WARNING * * *
You're too confused to move!
Something hits you.
* * * LOW HITPOINT WARNING * * *
Something hits you but does no damage.
You barely miss something.
You feel less confused.
You hear some strange, mumbled words.
A puff of flame appears from out of thin air!
The puff of flame hits you. You resist.
* * * LOW HITPOINT WARNING * * *
You hit something. You freeze something. Your headbutt misses something.
Something hits you but does no damage. Something hits you.
You die... "Huh?
Did I miss anything?"

.### #.###.##.##.#....###..~≈≈~~~
...# #.##<............# #..~~≈♣.~
.#####.###.##.##.#..#.###~.~≈~~_.
†..........................~≈≈.♣.
.########.......>.......#.≈~≈~~≈≈
.#### #####.##)#..#.#.#..~≈≈~~≈
....# ######.##)#..#.#.#.≈~~~~~~
###.# #........{#..#.#.#.~~...≈~
.##.## #.####.##@#..#.#.#~.~..~~.
.#.).# #.# #.##.)......#####..##
.#...###.####.#####.#.#.# ##...
.#............### #.#.#.### ####
................# #.......# #
###############.#####.#.#.# # #
#.......#.#.# # # #######.#.#.# #
# #.#.#.# #


There were no monsters in sight!

Vanquished Creatures
  2 orc wizards (D:3)
  4 gnolls (D:3)
  2 adders
  3 dart slugs
  2 ribbon worms (D:2)
  5 orcs
  10 endoplasms
  3 giant cockroaches
  13 goblins
  4 hobgoblins
  8 kobolds
  A quokka (D:3)
  10 ball pythons
  11 bats
  4 frilled lizards
  4 rats
86 creatures vanquished.

Notes
Turn   | Place    | Note
-------+----------+-------------------------------------------
     0 | D:1      | Charlie33ad the Minotaur Chaos Knight began the quest for
                  | the Orb.
     0 | D:1      | Reached XP level 1. HP: 19/19 MP: 0/0
    95 | D:1      | Reached skill level 4 in Axes
   124 | D:1      | XOM: silly message
   135 | D:1      | XOM: silly message
   140 | D:1      | Reached XP level 2. HP: 27/27 MP: 1/1
   450 | D:1      | Reached XP level 3. HP: 32/33 MP: 2/2
   797 | D:2      | Reached skill level 5 in Axes
   864 | D:2      | XOM: divination: detect items
  1040 | D:2      | Reached XP level 4. HP: 41/41 MP: 3/3
  1081 | D:2      | XOM: cloud trail
  1282 | D:3      | Reached skill level 6 in Axes
  1354 | D:3      | XOM: noise
  1360 | D:3      | Reached skill level 5 in Fighting
  1360 | D:3      | Reached XP level 5. HP: 31/48 MP: 4/4
  1458 | D:3      | Found a faded altar of an unknown god.
  1485 | D:3      | Found a white marble altar of Elyvilon.
  1968 | D:3      | Found an opulent altar of Gozag.
  2240 | D:4      | Noticed Robin
  2289 | D:3      | HP: 2/46 [something (2)]
  2291 | D:3      | Slain by an orc wizard

Illustrated notes

Levels and vault maps discovered:
D:1:      mainiacjoe_arrival_oval_in_oval, layout_loops_cross, nrook_campfire
D:2:      layout_rooms
D:3:      layout_basic, nicolae_overflow_crystal_walls, elyvilon_altar_5,
          chequers_ecumenical_altar_island
D:4:      layout_rooms, mainiacjoe_overflow_small_starburst, tgw_trog,
          minmay_tree_intersection, st_stairs_10, uniq_robin

Skill      XL: |  1  2  3  4 |
---------------+-------------+-----
Axes           | 4 5 6 |  6.6
Fighting       | 4 5 |  5.3
Armour         | |  2.4
Dodging        | |  1.1

Action                     |  1- 3 |  4- 6 || total
---------------------------+-------+-------++-------
  Melee: Hand axe          |    81 |    87 ||   168
         Headbutt          |    13 |     5 ||    18
    Use: Scroll            |       |     1 ||     1
 Armour: Leather armour    |    37 |    81 ||   118
  Dodge: Dodged            |    46 |    57 ||   103
